PAA
LITTLE CAESARS HOT N READYS @ MERCER ISLAND SCREAMING EAGLES
07/02/2027
 
TOP OF THE 1ST
Little Caesars Hot N Readys batting - Pitching for Mercer Island Screaming Eagles : LHP Tomiji Saikawa
Pitching: LHP Tomiji Saikawa
Batting: RHB George St. Clair 0-0: Called Strike
0-1: Ball
1-1: Fly out, F4 (Line Drive, 4MD)
Batting: RHB Noe Grohman 0-0: Ball
1-0: Ball
2-0: Swinging Strike
2-1: Swinging Strike
2-2: Ground out 5-3 (Groundball, 56S)
Batting: RHB Ramiro Gonzáles 0-0: Swinging Strike
0-1: Ball
1-1: Called Strike
1-2: Strikes out looking
Top of the 1st over - 0 run(s), 0 hit(s), 0 error(s), 0 left on base; Little Caesars 0 - Mercer Island 0
BOTTOM OF THE 1ST
Mercer Island Screaming Eagles batting - Pitching for Little Caesars Hot N Readys : RHP Leif Mayer
Pitching: RHP Leif Mayer
Batting: LHB Hideki Hisanobu 0-0: Called Strike
0-1: Ball
1-1: Ball
2-1: Fly out, F9 (Flyball, 9S)
Batting: RHB Héctor Santandreu 0-0: Ball
1-0: Called Strike
1-1: Foul Ball, location: 2F
1-2: Ball
2-2: Foul Ball, location: 2F
2-2: Ball
3-2: Base on Balls
Batting: SHB Stephen Dowell 0-0: Ball
1-0: Fly out, F4 (Line Drive, 4)
Lined into DP, 4-3 (Line Drive, 4)
Bottom of the 1st over - 0 run(s), 0 hit(s), 0 error(s), 0 left on base; Little Caesars 0 - Mercer Island 0
TOP OF THE 2ND
Little Caesars Hot N Readys batting - Pitching for Mercer Island Screaming Eagles : LHP Tomiji Saikawa
Batting: RHB Ralph Cranford 0-0: Ball
1-0: Ground out 6-3 (Groundball, 6)
Batting: RHB Luis Aragón 0-0: Ball
1-0: SINGLE (Line Drive, 6D)
Batting: LHB Greg Scroggins 0-0: Ball
1-0: Ball
2-0: Ball
3-0: Called Strike
3-1: 2-RUN HOME RUN (Line Drive, 8RXD), Distance : 437 ft
Batting: SHB Bernard Gauthier 0-0: Swinging Strike
0-1: Ball
1-1: Foul Ball, location: 2F
1-2: Ball
2-2: Ball
3-2: Foul Ball, location: 2F
3-2: SINGLE (Line Drive, 9S)
Batting: RHB Júlio Morín 0-0: SINGLE (Groundball, 34D)
Bernard Gauthier to second
Runner from 2nd tries for 3rd, SAFE, throw made to third
Batting: RHB Levi Tess 0-0: Called Strike
0-1: Ball
1-1: Ball
2-1: Swinging Strike
2-2: Ball
3-2: Foul Ball, location: 2F
3-2: Grounds into double play, 4-6-3 (Groundball, 34)
Top of the 2nd over - 2 run(s), 4 hit(s), 0 error(s), 1 left on base; Little Caesars 2 - Mercer Island 0
BOTTOM OF THE 2ND
Mercer Island Screaming Eagles batting - Pitching for Little Caesars Hot N Readys : RHP Leif Mayer
Batting: RHB Raúl Moreno 0-0: SINGLE (Groundball, 6MD)
Batting: RHB Marcos Reyes 0-0: DOUBLE (Line Drive, 78M)
Raúl Moreno to third
Batting: RHB Bill Dennis 0-0: Fly out, F8 (Line Drive, 8RS)
Runner from 3rd tags up, SCORES, no throw
Batting: RHB Dimian Menres 0-0: Called Strike
0-1: Ground out 5-3 (Groundball, 56S)
Marcos Reyes to third
Batting: RHB Luis Jiménez 0-0: Ball
1-0: Fly out, F5 (Line Drive, 5L)
Bottom of the 2nd over - 1 run(s), 2 hit(s), 0 error(s), 1 left on base; Little Caesars 2 - Mercer Island 1
TOP OF THE 3RD
Little Caesars Hot N Readys batting - Pitching for Mercer Island Screaming Eagles : LHP Tomiji Saikawa
Batting: RHB George St. Clair 0-0: Called Strike
0-1: Called Strike
0-2: Foul Ball, location: 2F
0-2: Ball
1-2: Ball
2-2: Ground out 1-3 (Groundball, 15S)
Batting: RHB Noe Grohman 0-0: Ball
1-0: Called Strike
1-1: Swinging Strike
1-2: Foul Ball, location: 2F
1-2: Ball
2-2: Strikes out swinging
Batting: RHB Ramiro Gonzáles 0-0: Fly out, F8 (Flyball, 78S)
Top of the 3rd over - 0 run(s), 0 hit(s), 0 error(s), 0 left on base; Little Caesars 2 - Mercer Island 1
BOTTOM OF THE 3RD
Mercer Island Screaming Eagles batting - Pitching for Little Caesars Hot N Readys : RHP Leif Mayer
Batting: SHB León Estrada 0-0: Called Strike
0-1: Ball
1-1: Ball
2-1: Ball
3-1: Foul Ball, location: 2F
3-2: Strikes out swinging
Batting: LHB Hideki Hisanobu 0-0: Ball
1-0: Called Strike
1-1: Ball
2-1: Fly out, F7 (Flyball, 7LS)
Batting: LHB Mike Russell 0-0: SOLO HOME RUN (Flyball, 89XD), Distance : 438 ft
Batting: SHB Stephen Dowell 0-0: Ball
1-0: SINGLE (Line Drive, 78S)
Batting: RHB Raúl Moreno 0-0: Called Strike
0-1: Ball
1-1: Called Strike
1-2: Ground out 6-3 (Groundball, 56)
Bottom of the 3rd over - 1 run(s), 2 hit(s), 0 error(s), 1 left on base; Little Caesars 2 - Mercer Island 2
TOP OF THE 4TH
Little Caesars Hot N Readys batting - Pitching for Mercer Island Screaming Eagles : LHP Tomiji Saikawa
Now in CF: Mike Russell
Batting: RHB Ralph Cranford 0-0: Ball
1-0: Fly out, F9 (Flyball, 9LSF)
Batting: RHB Luis Aragón 0-0: Called Strike
0-1: Ball
1-1: Ball
2-1: SINGLE (Line Drive, 6MD)
Batting: LHB Greg Scroggins 0-0: Swinging Strike
0-1: Ball
1-1: Swinging Strike
1-2: Strikes out swinging
Batting: SHB Bernard Gauthier 0-0: Called Strike
0-1: Ball
1-1: Fly out, F8 (Flyball, 89M)
Top of the 4th over - 0 run(s), 1 hit(s), 0 error(s), 1 left on base; Little Caesars 2 - Mercer Island 2
BOTTOM OF THE 4TH
Mercer Island Screaming Eagles batting - Pitching for Little Caesars Hot N Readys : RHP Leif Mayer
Batting: RHB Marcos Reyes 0-0: Ball
1-0: Called Strike
1-1: Ball
2-1: Ball
3-1: Base on Balls
Batting: RHB Bill Dennis 0-0: Called Strike
0-1: Swinging Strike
0-2: Foul Ball, location: 2F
0-2: Foul Ball, location: 2F
0-2: Foul Ball, location: 2F
0-2: Ball
1-2: Fly out, F7 (Flyball, 78D)
Batting: RHB Dimian Menres 0-0: Ball
1-0: Ball
2-0: Ball
Wild Pitch!
Marcos Reyes to second
3-0: Called Strike
3-1: Called Strike
3-2: Base on Balls
Batting: RHB Luis Jiménez 0-0: Foul Ball, location: 2F
0-1: Called Strike
0-2: Ball
1-2: Fly out, F5 (Flyball, 56D)
Batting: SHB León Estrada 0-0: Fielders Choice at 2nd, 4-6 (Groundball, 4)
Bottom of the 4th over - 0 run(s), 0 hit(s), 0 error(s), 1 left on base; Little Caesars 2 - Mercer Island 2
TOP OF THE 5TH
Little Caesars Hot N Readys batting - Pitching for Mercer Island Screaming Eagles : LHP Tomiji Saikawa
Batting: RHB Júlio Morín 0-0: Swinging Strike
0-1: Foul Ball, location: 2F
0-2: Foul Ball, location: 2F
0-2: Strikes out swinging
Batting: RHB Levi Tess 0-0: Ball
1-0: Ground out 3-1 (Groundball, 34)
Batting: RHB George St. Clair 0-0: Ball
1-0: Ball
2-0: Ball
3-0: Base on Balls
Batting: RHB Noe Grohman 0-0: Called Strike
0-1: Ball
1-1: Foul Ball, location: 2F
1-2: Fly out, F8 (Flyball, 8LM)
Top of the 5th over - 0 run(s), 0 hit(s), 0 error(s), 1 left on base; Little Caesars 2 - Mercer Island 2
BOTTOM OF THE 5TH
Mercer Island Screaming Eagles batting - Pitching for Little Caesars Hot N Readys : RHP Leif Mayer
Batting: LHB Hideki Hisanobu 0-0: Ball
1-0: Ground out 4-3 (Groundball, 4)
Batting: LHB Mike Russell 0-0: Ball
1-0: Ball
2-0: Ball
3-0: Base on Balls
Batting: SHB Stephen Dowell 0-0: Called Strike
0-1: Fly out, F8 (Flyball, 8RM)
Batting: RHB Raúl Moreno 0-0: Ball
1-0: SINGLE (Line Drive, 9LS)
Mike Russell to second
Batting: RHB Marcos Reyes 0-0: SINGLE (Line Drive, 78S)
Mike Russell to third
Raúl Moreno to second
Runner from 3rd tries for Home, SAFE, throw made at trailing runner, OUT at third!
Bottom of the 5th over - 1 run(s), 2 hit(s), 0 error(s), 1 left on base; Little Caesars 2 - Mercer Island 3
TOP OF THE 6TH
Little Caesars Hot N Readys batting - Pitching for Mercer Island Screaming Eagles : LHP Tomiji Saikawa
Batting: RHB Ramiro Gonzáles 0-0: Called Strike
0-1: Swinging Strike
0-2: Foul Ball, location: 2F
0-2: Ball
1-2: Fly out, F7 (Flyball, 7S)
Batting: RHB Ralph Cranford 0-0: Ball
1-0: SINGLE (Groundball, 6S) (infield hit)
Batting: RHB Luis Aragón 0-0: Called Strike
0-1: Fly out, F7 (Line Drive, 7)
Batting: LHB Greg Scroggins 0-0: Ball
1-0: Swinging Strike
1-1: Ball
2-1: Swinging Strike
2-2: Strikes out swinging
Top of the 6th over - 0 run(s), 1 hit(s), 0 error(s), 1 left on base; Little Caesars 2 - Mercer Island 3
BOTTOM OF THE 6TH
Mercer Island Screaming Eagles batting - Pitching for Little Caesars Hot N Readys : RHP Leif Mayer
Batting: RHB Bill Dennis 0-0: Foul Ball, location: 2F
0-1: Fly out, F8 (Flyball, 8LXD)
Batting: RHB Dimian Menres 0-0: Called Strike
0-1: Ball
1-1: Ball
2-1: Foul Ball, location: 2F
2-2: Fly out, F8 (Flyball, 8LM)
Batting: RHB Luis Jiménez 0-0: Called Strike
0-1: Ball
1-1: Fly out, F7 (Flyball, 7LS)
Bottom of the 6th over - 0 run(s), 0 hit(s), 0 error(s), 0 left on base; Little Caesars 2 - Mercer Island 3
TOP OF THE 7TH
Little Caesars Hot N Readys batting - Pitching for Mercer Island Screaming Eagles : LHP Tomiji Saikawa
Batting: SHB Bernard Gauthier 0-0: Swinging Strike
0-1: Ball
1-1: Called Strike
1-2: Strikes out looking
Batting: RHB Júlio Morín 0-0: Ball
1-0: Ball
2-0: Fly out, F2 (Popup, 5S)
Batting: RHB Levi Tess 0-0: Ball
1-0: Foul Ball, location: 2F
1-1: Fly out, F7 (Line Drive, 78S)
Top of the 7th over - 0 run(s), 0 hit(s), 0 error(s), 0 left on base; Little Caesars 2 - Mercer Island 3
BOTTOM OF THE 7TH
Mercer Island Screaming Eagles batting - Pitching for Little Caesars Hot N Readys : RHP Leif Mayer
Batting: SHB León Estrada 0-0: Called Strike
0-1: Ground out 6-3 (Groundball, 56)
Batting: LHB Hideki Hisanobu 0-0: Ball
1-0: Called Strike
1-1: Swinging Strike
1-2: Ball
2-2: Ball
3-2: Fly out, F4 (Line Drive, 4)
Batting: LHB Mike Russell 0-0: Ball
1-0: Ball
2-0: Ball
3-0: Called Strike
3-1: Base on Balls
Batting: SHB Stephen Dowell 0-0: Ball
1-0: Ball
2-0: Fly out, F4 (Popup, 4D)
Bottom of the 7th over - 0 run(s), 0 hit(s), 0 error(s), 1 left on base; Little Caesars 2 - Mercer Island 3
TOP OF THE 8TH
Little Caesars Hot N Readys batting - Pitching for Mercer Island Screaming Eagles : LHP Tomiji Saikawa
Batting: RHB George St. Clair 0-0: Ball
1-0: Ball
2-0: Ball
3-0: Called Strike
3-1: Foul Ball, location: 2F
3-2: DOUBLE (Groundball, 5L)
Pinch Hitting: RHB Mike Thompson 0-0: Called Strike
0-1: Ball
1-1: Bunted foul
1-2: Ball
2-2: Ground out 6-3 (Groundball, 6D)
George St. Clair to third
Batting: RHB Ramiro Gonzáles 0-0: Fly out, F9 (Flyball, 89S)
Batting: RHB Ralph Cranford 0-0: Fly out, F8 (Flyball, 8LD)
Top of the 8th over - 0 run(s), 1 hit(s), 0 error(s), 1 left on base; Little Caesars 2 - Mercer Island 3
BOTTOM OF THE 8TH
Mercer Island Screaming Eagles batting - Pitching for Little Caesars Hot N Readys : RHP Leif Mayer
Now in RF: David Hunt
Batting: RHB Raúl Moreno 0-0: Called Strike
0-1: Ball
1-1: Ball
2-1: Swinging Strike
2-2: Ball
3-2: Foul Ball, location: 2F
3-2: Base on Balls
Batting: RHB Marcos Reyes 0-0: Grounds into double play, 5-4-3 (Groundball, 56)
Batting: RHB Bill Dennis 0-0: Ball
1-0: Ball
2-0: Swinging Strike
2-1: Called Strike
2-2: Ball
3-2: Foul Ball, location: 2F
3-2: Base on Balls
Pitching: RHP Gerardo Negrón
Pinch Hitting: SHB José Rico 0-0: Ball
1-0: Foul Ball, location: 2F
1-1: Ball
2-1: Ball
3-1: Base on Balls
Bill Dennis to second
Pinch Hitting: RHB Leonardo Ramírez 0-0: Ground out 6-3 (Groundball, 6S)
Bottom of the 8th over - 0 run(s), 0 hit(s), 0 error(s), 2 left on base; Little Caesars 2 - Mercer Island 3
TOP OF THE 9TH
Little Caesars Hot N Readys batting - Pitching for Mercer Island Screaming Eagles : LHP Tomiji Saikawa
Pitching: LHP Riley Herrick
Now at SS: Nelson Plasenia
Now in RF: Leonardo Ramírez
Batting: RHB Luis Aragón 0-0: Called Strike
0-1: Ball
1-1: Ball
2-1: Called Strike
2-2: Ground out 5-3 (Groundball, 5S)
Batting: LHB Greg Scroggins 0-0: Ball
1-0: Swinging Strike
1-1: Foul Ball, location: 2F
1-2: Ball
2-2: Foul Ball, location: 2F
2-2: Strikes out looking
Pinch Hitting: RHB Roberto Hernández 0-0: Fly out, F5 (Line Drive, 56)
Top of the 9th over - 0 run(s), 0 hit(s), 0 error(s), 0 left on base; Little Caesars 2 - Mercer Island 3
Saturday, May 26th, 2018 - OOTP Baseball 17.12 Build 75